 Dungeon Crawl Stone Soup version 0.26-a0-651-gb41185065b (webtiles) character file.

Game seed: 6782512073159272904

2935 Gottschkopf the Fighter (level 9, 0/113 HPs)
             Began as an Ogre Berserker on Sept 28, 2020.
             Was an Elder of Trog.
             Slain by a hellwing (4 damage)
             ... on level 8 of the Dungeon.
             The game lasted 00:13:38 (7906 turns).

Gottschkopf the Fighter (Ogre Berserker)            Turns: 7906, Time: 00:13:39

Health: 0/113      AC:  8    Str: 26    XL:     9   Next: 80%
Magic:  0/9        EV: 14    Int:  8    God:    Trog [****..]
Gold:   593        SH:  0    Dex:  8    Spells: 8/8 levels left

rFire    . . .     SeeInvis +   v - +0 giant club
rCold    . . .     Faith    .   (shield currently unavailable)
rNeg     . . .     Spirit   +   b - +2 animal skin
rPois    +         Reflect  .   (helmet restricted)
rElec    .         Harm     .   w - +2 cloak {rPois}
rCorr    .         Rampage  .   (gloves unavailable)
MR       .....                  (boots unavailable)
Stlth    ++........             u - amulet of guardian spirit
HPRegen  0.28/turn              i - ring of stealth
MPRegen  0.11/turn              (no ring)

@: berserk cooldown, slowed, very slow
A: large, unfitting armour, repulsion field 1, see invisible, tough skin 1
a: Berserk, Trog's Hand, Brothers in Arms, Renounce Religion


You were on level 8 of the Dungeon.
You worshipped Trog.
Trog was greatly pleased with you.
You visited 1 branch of the dungeon, and saw 8 of its levels.
You also visited: Ossuary.

You collected 593 gold pieces.

Inventory:

Hand Weapons
 m - a +2 vorpal mace
 v - a +0 giant club (weapon)
Armour
 b - a +2 animal skin (worn)
 w - a +2 cloak of poison resistance (worn)
Jewellery
 i - a ring of stealth (left hand)
 k - an uncursed amulet of magic regeneration
 u - an amulet of guardian spirit (around neck)
Wands
 e - a wand of iceblast (8)
 t - a wand of disintegration (8)
Scrolls
 c - a scroll of identify
 d - 4 scrolls of remove curse
 f - a scroll of blinking
 j - 8 scrolls of teleportation
 p - a scroll of fear
Potions
 a - 4 potions of degeneration
 g - 3 potions of heal wounds {unknown}
 h - a potion of brilliance {unknown}
 l - a potion of berserk rage {unknown}
 n - 2 potions of mutation
 o - a potion of ambrosia
 q - a potion of haste
 r - 7 potions of curing
 s - 4 potions of might
 x - a potion of flight {unknown}
 z - 2 potions of lignification
 A - 2 potions of stabbing


   Skills:
 + Level 14.0 Fighting
 - Level 2.8 Maces & Flails
 - Level 7.4 Dodging


You had 8 spell levels left.
You didn't know any spells.
Your spell library contained the following spells:

 Spells                   Type           Power        Failure   Level
 Beastly Appendage        Tmut           #.....       41%         1
 Magic Dart               Conj           #...         41%         1
 Blink                    Tloc           N/A          54%         2
 Call Imp                 Summ           #.......     54%         2
 Slow                     Hex            #.......     54%         2
 Wereblood                Tmut           #.......     54%         2
 Conjure Flame            Conj/Fire      #.......     78%         3
 Mephitic Cloud           Conj/Pois/Air  #.......     78%         3
 Spider Form              Tmut/Pois      #.........   78%         3
 Ice Form                 Ice/Tmut       #.......     99%         4
 Blade Hands              Tmut           #.........   100%        5


Dungeon Overview and Level Annotations

Branches:
Dungeon (8/15)             Temple (0/1) D:6         Ossuary (visited)
   Lair: D:8-11

Altars:
Kikubaaqudgha

Shops:
D:5 =


Innate Abilities, Weirdness & Mutations

You are too large for most types of armour.
You have tough skin. (AC +1)
You are surrounded by a mild repulsion field. (EV +2)
You have supernaturally acute eyesight. (SInv)


Message History

The hellwing hits you but does no damage.
You closely miss the hellwing.
The hellwing is lightly wounded.
The hellwing hits you!
* * * LOW HITPOINT WARNING * * *
The hellwing barely misses you. The hellwing hits you!
* * * LOW HITPOINT WARNING * * *
The hellwing completely misses you.
You sock the hellwing!
The hellwing is heavily wounded.
The hellwing barely misses you.
The hellwing hits you but does no damage.
The hellwing hits you!
* * * LOW HITPOINT WARNING * * *
The hellwing hits you.
* * * LOW HITPOINT WARNING * * *
You bludgeon the hellwing!!
The hellwing is almost dead.
The hellwing closely misses you. The hellwing hits you.
You die...

.....P..##.#
...8.....#.##.#
.........#.##.##
......8........#
..$$....8.# #..#
..∩.8.....# #..#
..$......# #..#
Z.......Z####..#
.8......Z54@...#
........Z#####.#
....P....# #.#
.....P.#.# #.#
##.#####.# #.#
.. ..# #.# ###
#.# #.### #...#


You could see a hellwing, a shadow imp, a wyvern skeleton, a harpy skeleton and
a centaur warrior skeleton.

Vanquished Creatures
  A hellwing (D:8)
  Prince Ribbit (D:5)
  Sigmund (D:5)
  2 orc warriors
  2 phantoms
  An ogre (D:6)
  A big kobold (D:8)
  6 bullfrogs
  2 scorpions
  6 killer bees
  4 hounds
  3 orc priests (D:4)
  A bullfrog skeleton (D:4)
  5 iguanas
  5 orc wizards
  Terence (D:2)
  8 worker ants
  2 hound skeletons
  8 mummies (Ossuary)
  4 gnolls (D:4)
  5 adders
  2 shadow imps
  A white imp (D:6)
  An ufetubus (D:6)
  An adder skeleton (D:6)
  2 worms
  A dart slug (D:2)
  9 leopard geckos
  17 orcs
  A ball python (D:7)
  7 bats
  7 giant cockroaches
  3 goblins
  6 hobgoblins
  15 jackals
  A quokka (D:5)
  5 frilled lizards
  2 gnoll zombies (Ossuary)
  3 hobgoblin zombies (Ossuary)
  14 kobolds
  2 kobold zombies (Ossuary)
  An orc zombie (Ossuary)
  10 rats
180 creatures vanquished.

Vanquished Creatures (others)
  8 withered plants (D:8)
8 creatures vanquished.

Grand Total: 188 creatures vanquished

Notes
Turn   | Place    | Note
-------+----------+-------------------------------------------
     0 | D:1      | Gottschkopf the Ogre Berserker began the quest for the Orb.
     0 | D:1      | Reached XP level 1. HP: 24/24 MP: 1/1
   268 | D:1      | Reached XP level 2. HP: 33/33 MP: 2/2
   596 | D:1      | Reached skill level 5 in Fighting
   892 | D:2      | Reached XP level 3. HP: 42/42 MP: 3/3
  1047 | D:2      | Noticed Terence
  1053 | D:2      | Killed Terence
  1053 | D:2      | Reached ** piety under Trog
  1053 | D:2      | Reached skill level 6 in Fighting
  1089 | D:2      | Reached XP level 4. HP: 52/52 MP: 4/4
  1912 | D:3      | Reached skill level 7 in Fighting
  1981 | D:3      | Reached XP level 5. HP: 13/62 MP: 5/5
  2666 | D:4      | Noticed an orc warrior
  2684 | D:3      | Killed an orc warrior
  2684 | D:3      | Reached skill level 8 in Fighting
  2684 | D:3      | Reached XP level 6. HP: 6/74 MP: 6/6
  3086 | D:4      | Reached skill level 9 in Fighting
  3099 | D:4      | HP: 3/78 [poisoned by a worker ant]
  3105 | D:4      | HP: 1/78 [poisoned by a worker ant]
  3508 | D:4      | Reached *** piety under Trog
  3522 | D:4      | Reached skill level 10 in Fighting
  3522 | D:4      | Reached XP level 7. HP: 52/85 MP: 7/7
  4445 | D:5      | Entered Level 5 of the Dungeon
  4455 | D:5      | Noticed Sigmund
  4485 | D:5      | Killed Sigmund
  4485 | D:5      | Reached skill level 11 in Fighting
  4597 | D:5      | Noticed Prince Ribbit
  4629 | D:5      | Found Hoptedi's Jewellery Emporium.
  4691 | D:5      | Found a sand-covered staircase.
  4715 | Ossuary  | Entered an ossuary
  4751 | Ossuary  | Reached XP level 8. HP: 45/98 MP: 6/8
  5142 | Ossuary  | Reached skill level 12 in Fighting
  5358 | Ossuary  | Gained mutation: You have supernaturally acute eyesight.
                  | (SInv) [potion of mutation]
  5358 | Ossuary  | Gained mutation: You are surrounded by a mild repulsion
                  | field. (EV +2) [potion of mutation]
  5418 | D:5      | Killed Prince Ribbit
  5706 | D:6      | Reached **** piety under Trog
  6054 | D:6      | Found a staircase to the Ecumenical Temple.
  6075 | D:6      | Reached skill level 5 in Dodging
  6343 | D:7      | Reached XP level 9. HP: 79/109 MP: 6/9
  6944 | D:7      | Found an ancient bone altar of Kikubaaqudgha.
  7730 | D:8      | Reached skill level 13 in Fighting
  7877 | D:8      | Noticed a hellwing
  7878 | D:8      | Noticed a hellwing
  7895 | D:8      | Killed a hellwing
  7898 | D:8      | Reached skill level 14 in Fighting
  7905 | D:8      | HP: 5/113 [hellwing (10)]
  7906 | D:8      | Slain by a hellwing

Illustrated notes

Levels and vault maps discovered:
D:1:      minmay_arrival_glassed_features, layout_basic, serial_bayou_lake_a
D:2:      layout_basic, minmay_tetromino_l4, uniq_terence
D:3:      layout_basic
D:4:      kennysheep_spiral_hall, layout_basic, serial_glass, glass_columns_a,
          glass_columns_a, item_on_display_a
D:5:      layout_rooms, serial_shops, kennysheep_mini, enter_ossuary_1,
          uniq_prince_ribbit1, uniq_sigmund
D:6:      layout_rooms, minmay_temple_entry_statues_pillars
D:7:      layout_loops_ring, kiku_gazebo_pond_becter, enter_bailey_2,
          minivault_23
D:8:      cheibrodos_grave_circle, layout_loops_ring

Skill      XL: |  1  2  3  4  5  6  7  8  9 |
---------------+----------------------------+-----
Fighting       | 5 6 7 8 10 11 12 14 | 14.0
Dodging        | 5 7 |  7.4
Maces & Flails | |  2.8

Action                   |  1- 3 |  4- 6 |  7- 9 || total
-------------------------+-------+-------+-------++-------
Melee: Mace              |    74 |   139 |   205 ||   418
       Giant club        |       |       |   178 ||   178
Invok: Berserk           |       |     2 |     4 ||     6
  Use: Potion            |       |     2 |     2 ||     4
       Scroll            |       |       |    15 ||    15
 Stab: Sleeping          |     4 |     3 |     7 ||    14
Armor: Animal skin       |    26 |    44 |   136 ||   206
Dodge: Dodged            |    33 |    81 |   380 ||   494

Table legend: (Time is in decaauts)
 A = Elapsed time spent in this place.
 B = Non-inter-level travel time spent in this place.
 C = Inter-level travel time spent in this place.
 D = Time resting spent in this place.
 E = Time spent auto-exploring this place.
 F = Levels seen in this place.
 G = Mean time per level.
                   A        B        C        D        E       F      G
               +--------+--------+--------+--------+--------+-----+--------+
         Total |   8154 |   8014 |    140 |    868 |   5322 |   9 |  906.0 |
       Dungeon |   7473 |   7333 |    140 |    868 |   4795 |   8 |  934.1 |
       Ossuary |    680 |    680 |      0 |      0 |    527 |   1 |  680.0 |
               +--------+--------+--------+--------+--------+-----+--------+

Top non-repeatable levels by time:
     D:4: 1497 daAuts
     D:3: 1381 daAuts
     D:6: 1241 daAuts
     D:7: 891 daAuts
     D:2: 890 daAuts
     D:1: 778 daAuts
 Ossuary: 680 daAuts
     D:5: 594 daAuts
     D:8: 198 daAuts
